 Dungeon Crawl Stone Soup version 0.18.1-48-g4cf74bf (webtiles) character file.

2478 Alarkh the Spear-Bearer (level 9, -6/61 HPs)
             Began as a Mummy Skald on July 20, 2016.
             Was an Elder of Okawaru.
             Mangled by a wight
             ... wielding a +2 scimitar
              (8 damage)
             ... on level 7 of the Dungeon.
             The game lasted 00:16:27 (7824 turns).

Alarkh the Spear-Bearer (Mummy Skald)               Turns: 7824, Time: 00:16:28

Health: -6/61      AC:  7    Str: 15    XL:     9   Next: 27%
Magic:  6/14       EV: 11    Int: 15    God:    Okawaru [****..]
Gold:   249        SH:  0    Dex: 13    Spells: 3 memorised, 9 levels left

rFire  x . .     SeeInvis .     a - +0 trident
rCold  + . .     Gourm    .     D - +0 leather armour
rNeg   + + +     Faith    .     (no shield)
rPois  ∞         Spirit   .     o - +0 helmet
rElec  .         Dismiss  .     t - +1 cloak
rCorr  .         Reflect  .     n - +0 pair of gloves
SustAt .         Harm     .     (no boots)
MR     ++...                    (no amulet)
Stlth  +.........               y - ring of protection from magic
                                l - +2 ring of dexterity

@: very slightly contaminated, very resistant to hostile enchantments, very
unstealthy
A: no food or potions, fire vulnerability, cold resistance 1, negative energy
resistance 3, torment resistance, unbreathing
a: Heroism, Renounce Religion


You were on level 7 of the Dungeon.
You worshipped Okawaru.
Okawaru was greatly pleased with you.
You were not hungry.

You visited 1 branch of the dungeon, and saw 7 of its levels.
You also visited: Sewer.

You collected 249 gold pieces.

Inventory:

Hand Weapons
 a - a +0 trident (weapon)
 c - a +1 spear of piercing
Armour
 k - a +0 buckler
 n - a +0 pair of gloves (worn)
 o - a +0 helmet (worn)
 t - a +1 cloak (worn)
 v - the +1 ring mail "Kirov" {*Corrode rElec MP+9 Int+6 Dex+3}
   (You found it on level 5 of the Dungeon)

   It affects your intelligence (+6).
   It affects your dexterity (+3).
   It insulates you from electricity.
   It affects your magic capacity (+9).
   It may corrode you when you take damage.
 D - a +0 leather armour (worn)
Jewellery
 f - an uncursed amulet of magic regeneration
 l - a +2 ring of dexterity (left hand)
 y - a ring of protection from magic (right hand)
Wands
 m - a wand of teleportation (6/9)
 p - a wand of flame (13/48)
 q - a wand of random effects (16/48)
Scrolls
 d - a scroll of amnesia
 e - 2 scrolls of enchant armour
 g - a scroll of teleportation
 h - a scroll of magic mapping
 i - a scroll of fog
 j - a scroll of remove curse
 r - a scroll of recharging
 s - 2 scrolls of random uselessness
 w - a scroll of noise
Potions
 x - 2 potions of flight {unknown}
 z - 2 potions of agility {unknown}
 A - 3 potions of curing {unknown}
 B - 7 potions of heal wounds {unknown}
 C - a potion of brilliance {unknown}
Books
 b - a book of Battle

   Spells                             Type                      Level
   a - Infusion                       Charms                       1
   b - Shroud of Golubria             Charms/Translocation         2
   c - Song of Slaying                Charms                       2
   d - Spectral Weapon                Hexes/Charms                 3
   e - Regeneration                   Charms/Necromancy            3
 u - a book of the Sky

   Spells                             Type                      Level
   a - Summon Lightning Spire         Summoning/Air                4
   b - Airstrike                      Air                          4
   c - Silence                        Hexes/Air                    5
   d - Deflect Missiles               Charms/Air                   6
   e - Conjure Ball Lightning         Conjuration/Air              6
   f - Tornado                        Air                          9


   Skills:
 - Level 2.0 Fighting
 * Level 9.5 Polearms
 - Level 0.7 Armour
 - Level 0.7 Dodging
 - Level 1.5 Unarmed Combat
 + Level 3.8 Spellcasting
 + Level 4.0 Charms


You had 9 spell levels left.
You knew the following spells:

 Your Spells              Type           Power        Failure   Level  Hunger
a - Infusion              Chrm           ##..         6%          1    N/A
b - Shroud of Golubria    Chrm/Tloc      #.........   17%         2    N/A
c - Spectral Weapon       Hex/Chrm       #.......     34%         3    N/A

Dungeon Overview and Level Annotations

Branches:
Dungeon (7/15)
 Temple: D:4-7

Altars:
Fedhas
Kikubaaqudgha
Okawaru


Innate Abilities, Weirdness & Mutations

You do not eat or drink.
Your flesh is vulnerable to fire.
You are immune to poison.
Your flesh is cold resistant.
You are immune to negative energy.
You are immune to unholy pain and torment.
You can survive without breathing.


Message History

There is a stone staircase leading up here.
You can't drink.
Read which item? (? for menu, Esc to quit)
Okay, then.
Casting: Spectral Weapon
Confirm with . or Enter, or press ? or * to list all spells.
You miscast Spectral Weapon.
You are very lightly contaminated with residual magic.
Your skin glows momentarily.
The wight hits you with an enchanted scimitar!
* * * LOW HITPOINT WARNING * * *
Casting: Spectral Weapon
Confirm with . or Enter, or press ? or * to list all spells.
Space distorts slightly along a thin shroud covering your body.
The wight barely misses you.
Casting: Shroud of Golubria
Confirm with . or Enter, or press ? or * to list all spells.
You draw out your weapon's spirit!
The wight hits you with an enchanted scimitar!
You die...

...
#.#
#.#
#.#
..+
#(#
#z#
#@#
###


You could see a wight and a friendly spectral trident.

Vanquished Creatures
  Grinder (D:3)
  Sigmund (D:4)
  Eustachio (D:4)
  Edmund (D:4)
  The ghost of Aquadorian the Conjurer, an amateur DECj (D:4)
  3 sky beasts
  An ice beast (D:5)
  A phantom (D:6)
  An ogre (D:6)
  A centaur (D:6)
  A crocodile (D:5)
  2 giant frogs (D:6)
  A wyvern skeleton (D:6)
  A scorpion (D:6)
  A wight (D:6)
  4 orc priests
  2 jellies
  5 orc wizards
  An iguana (D:5)
  A hound skeleton (D:5)
  16 adders
  9 river rats (Sewer)
  A shadow imp (D:6)
  An ooze (D:6)
  3 adder skeletons
  2 worms
  10 dart slugs
  2 giant geckos
  13 orcs
  3 ball pythons (Sewer)
  9 bats
  7 giant cockroaches
  8 goblins
  9 hobgoblins
  9 jackals
  2 quokkas
  9 giant newts
  27 kobolds
  A quokka skeleton (D:6)
  A quokka zombie (D:5)
  26 rats
199 creatures vanquished.

Vanquished Creatures (others)
  4 spectral weapons
4 creatures vanquished.

Grand Total: 203 creatures vanquished

Notes
Turn   | Place    | Note
--------------------------------------------------------------
     0 | D:1      | Alarkh the Mummy Skald began the quest for the Orb.
     0 | D:1      | Reached XP level 1. HP: 16/16 MP: 3/3
    26 | D:1      | Found an iron altar of Okawaru.
    43 | D:1      | Became a worshipper of Warmaster Okawaru
    63 | D:1      | Reached skill level 1 in Polearms
    87 | D:1      | Reached XP level 2. HP: 14/22 MP: 3/5
   421 | D:1      | Reached skill level 2 in Polearms
   644 | D:1      | Reached XP level 3. HP: 27/27 MP: 6/6
   793 | D:2      | Learned a level 2 spell: Shroud of Golubria
   797 | D:2      | Learned a level 3 spell: Spectral Weapon
   951 | D:2      | Found a blossoming altar of Fedhas.
   951 | D:2      | Found an ancient bone altar of Kikubaaqudgha.
  1081 | D:2      | Reached skill level 3 in Polearms
  1081 | D:2      | Reached XP level 4. HP: 33/33 MP: 4/7
  1696 | D:3      | Reached * piety under Okawaru
  2133 | D:2      | Reached XP level 5. HP: 28/38 MP: 3/8
  2189 | D:3      | Reached skill level 4 in Polearms
  2314 | D:3      | Noticed Grinder
  2346 | D:3      | Paralysed by Grinder for 5 turns
  2477 | D:3      | Killed Grinder
  2477 | D:3      | Reached skill level 5 in Polearms
  2477 | D:3      | Reached XP level 6. HP: 15/44 MP: 6/9
  2979 | D:4      | Noticed Edmund
  3002 | D:4      | Killed Edmund
  3002 | D:4      | Reached skill level 6 in Polearms
  3010 | D:4      | Noticed Aquadorian's ghost (amateur DECj)
  3022 | D:4      | HP: 1/44 [Aquadorian's ghost (8)]
  3286 | D:4      | Noticed Eustachio
  3306 | D:4      | Killed Eustachio
  3306 | D:4      | Reached ** piety under Okawaru
  3306 | D:4      | Reached XP level 7. HP: 32/50 MP: 5/10
  3321 | D:4      | Noticed Sigmund
  3323 | D:5      | Entered Level 5 of the Dungeon
  3464 | D:4      | Killed Sigmund
  3464 | D:4      | Reached skill level 7 in Polearms
  4235 | D:4      | Killed Aquadorian's ghost
  4438 | D:4      | Reached XP level 8. HP: 44/56 MP: 6/11
  4759 | D:5      | Got a warped ring mail
  4775 | D:5      | Identified the cursed +1 ring mail "Kirov" {*Corrode rElec MP+9 Int+6 Dex+3} (You found it on level 5 of the Dungeon)
  4920 | D:5      | Reached skill level 8 in Polearms
  4957 | D:5      | Found an iron altar of Okawaru.
  5345 | D:5      | Reached *** piety under Okawaru
  5615 | D:6      | Reached skill level 9 in Polearms
  5652 | D:6      | Found a glowing drain.
  5822 | Sewer    | Entered a sewer
  6402 | Sewer    | Reached XP level 9. HP: 51/61 MP: 13/13
  7371 | D:6      | Reached **** piety under Okawaru
  7822 | D:7      | HP: 2/61 [wight/enchanted scimitar (7)]
  7824 | D:7      | Mangled by a wight

Skill      XL: |  1  2  3  4  5  6  7  8  9 |
---------------+----------------------------+-----
Polearms       | 1 2 3 5 6 7 9 |  9.5
Charms         | 3 4 |  4.0
Spellcasting   | 3 |  3.8
Fighting       | |  2.0
Armour         | |  0.7
Dodging        | |  0.7
Unarmed Combat | |  1.5

Action                   |  1- 3 |  4- 6 |  7- 9 || total
-------------------------+-------+-------+-------++-------
Melee: Spear             |   100 |   178 |   400 ||   678
       Punch             |     1 |       |     2 ||     3
       Trident           |       |       |    27 ||    27
 Cast: Infusion          |    17 |    26 |    20 ||    63
       Shroud of Golubri |       |     5 |     6 ||    11
       Spectral Weapon   |       |     4 |    41 ||    45
  Use: Scroll            |     1 |       |    16 ||    17
 Stab: Sleeping          |     1 |     1 |       ||     2
       Distracted        |       |       |     3 ||     3
Armor: Leather armour    |    27 |    35 |    32 ||    94
       Ring mail         |       |       |    91 ||    91
Dodge: Dodged            |    54 |    70 |   146 ||   270
